 Seeded DCSS version 0.30-a0-39-g42789b21ef (webtiles) character file.

Game seed: 14514352787368662025 (custom seed)

100 wilfster70 the Digger (level 4, -1/24 HPs)
             Began as a Deep Elf Earth Elementalist on Aug 28, 2022.
             Slain by an orc
             ... wielding a +0 falchion
              (4 damage)
             ... on level 2 of the Dungeon.
             The game lasted 00:06:26 (2234 turns).

wilfster70 the Digger (Deep Elf Earth Elementalist) Turns: 2234, Time: 00:06:26

Health: -1/24      AC:  3    Str:  5    XL:     4   Next: 46%
Magic:  9/12       EV: 12    Int: 22    God:
Gold:   153        SH:  0    Dex: 15    Spells: 8/12 levels left

rFire   . . .      SeeInvis .    a - +0 dagger
rCold   . . .      Faith    .    (no shield)
rNeg    . . .      Spirit   .    j - +1 robe
rPois   .          Reflect  .    (no helmet)
rElec   .          Harm     .    (no cloak)
rCorr   .          Rampage  .    (no gloves)
Will    .....                    (no boots)
Stlth   ++........               (no amulet)
HPRegen 0.08/turn                (no ring)
MPRegen 0.13/turn                (no ring)

@: no status effects
A: no striking features
a: no special abilities


You were on level 2 of the Dungeon.
You visited 1 branch of the dungeon, and saw 3 of its levels.

You collected 153 gold pieces.

Inventory:

Hand Weapons
 a - a +0 dagger (weapon)
Missiles
 c - 5 poisoned darts
Armour
 j - a +1 robe (worn)
Jewellery
 e - an amulet of the acrobat
Scrolls
 h - a scroll of fear
Potions
 b - a potion of magic
 d - a potion of might {unknown}
 f - a potion of lignification
 g - 2 potions of curing
 i - a potion of berserk rage {unknown}


   Skills:
 - Level 2.4 Dodging
 - Level 2.4 Stealth
 * Level 4.5 Spellcasting
 + Level 0.6 Conjurations
 - Level 1.1 Transmutations
 + Level 4.9 Earth Magic


You had 8 spell levels left.
You knew the following spells:

 Your Spells              Type           Power      Damage    Failure   Level
a - Sandblast             Erth           52%        2d12      1%          1
b - Stone Arrow           Conj/Erth      34%        3d9       10%         3

Your spell library contained the following spells:

 Spells                   Type           Power      Damage    Failure   Level
 Passwall                 Tmut/Erth      15%        N/A       4%          2
 Petrify                  Tmut/Erth      18%        N/A       30%         4
 Animate Armour           Summ/Erth      30%        N/A       36%         4
 Lehudib's Crystal Spear  Conj/Erth      8%         10d4      100%        8


Dungeon Overview and Level Annotations

Branches:
Dungeon (3/15)

Altars:


Message History

Casting: Sandblast (safe; 1% risk of failure)
Confirm with . or Enter, or press ? or * to list all spells.
Aiming: Sandblast (safe; 1% risk of failure)
Press: ? - help, Shift-Dir - straight line, f - orc wizard
Aim: an orc wizard, wielding a +0 dagger and wearing a +0 robe (79% to hit)
The blast of sand misses the orc wizard.
Casting: Sandblast (safe; 1% risk of failure)
Confirm with . or Enter, or press ? or * to list all spells.
Aiming: Sandblast (safe; 1% risk of failure)
Press: ? - help, Shift-Dir - straight line, f/p - orc wizard
Aim: an orc wizard, wielding a +0 dagger and wearing a +0 robe (79% to hit)
The blast of sand misses the orc wizard.
The orc barely misses you.
The orc wizard gestures at you while chanting.
The puff of flame hits you!
An orc comes into view. It is wielding a +1 dagger of venom.
Casting: Sandblast (safe; 1% risk of failure)
Confirm with . or Enter, or press ? or * to list all spells.
Aiming: Sandblast (safe; 1% risk of failure)
Press: ? - help, Shift-Dir - straight line, f/p - orc wizard
Aim: an orc wizard, wielding a +0 dagger and wearing a +0 robe (79% to hit)
The blast of sand misses the orc wizard.
The orc shouts!
The orc wizard hits you with a +0 dagger.
The orc hits you but does no damage. The orc wizard closely misses you.
The orc hits you with a +0 falchion.
* * * LOW HITPOINT WARNING * * *
You climb upwards.
There is a stone staircase leading down here.
Casting: Sandblast (safe; 1% risk of failure)
Confirm with . or Enter, or press ? or * to list all spells.
Aiming: Sandblast (safe; 1% risk of failure)
Press: ? - help, Shift-Dir - straight line, f - orc wizard
Aim: an orc wizard, wielding a +0 dagger and wearing a +0 robe (79% to hit)
The blast of sand hits the orc wizard!
The orc wizard is severely wounded.
The orc wizard hits you with a +0 dagger.
* * * LOW HITPOINT WARNING * * *
The orc barely misses you. The orc hits you with a +0 falchion.
You die...

.# #.# #........#####..##.###. .#
#.# #.####...## #..##.# #. .#
#.### #.###.....## #..##.# #.
.####...###.##.#.....###.<##.# #.
........(.#.#.#.....#........# #.
.######.#.#†##...#...#.#..######.
........#...###..#..##.#.........
.######†#......o....##.#..#######
...,,*#.##.####o@...##.#..#
.###,*#.##.# #....(##.#..# .#
#.##.##.####...........# .#
#.............##......##
.####......#####.........########
......###.....#####..#...........
.####.# #.###.# #..###.########
.####.###.# #.# #......# #
..##......# #.# #.###### #


You could see an orc wizard and an orc.

Vanquished Creatures
  2 adders (D:2)
  5 gnolls (D:2)
  A dart slug (D:2)
  An orc (D:3)
  3 ball pythons
  4 endoplasms
  4 jackals (D:1)
  4 kobolds
  3 quokkas
  A bat (D:1)
  5 rats (D:2)
33 creatures vanquished.

Notes
Turn   | Place    | Note
-------+----------+-------------------------------------------
     0 | D:1      | wilfster70 the Deep Elf Earth Elementalist began the quest
                  | for the Orb.
     0 | D:1      | Reached XP level 1. HP: 10/10 MP: 6/6
   431 | D:1      | Reached XP level 2. HP: 13/15 MP: 2/8
   670 | D:1      | Found a faded altar of an unknown god.
  1094 | D:2      | Reached XP level 3. HP: 15/19 MP: 5/10
  1455 | D:2      | Identified the +1 spear of Success {freeze, +Blink}
  1917 | D:2      | Reached XP level 4. HP: 24/24 MP: 10/12
  1922 | D:2      | Learned a level 3 spell: Stone Arrow
  2234 | D:2      | Slain by an orc

Illustrated notes

Levels and vault maps discovered:
D:1:      reono_arrival_mine, layout_loops_cross,
          hellmonk_ecumenical_altar_arch_garden, chequers_serial_rivers_marsh,
          roderic_serpentine_path
D:2:      layout_loops_ring, minivault_23, minmay_misc_feat_chi,
          mrwooster_statue_mirror
D:3:      layout_rooms, mainiacjoe_overflow_alcove_4

Skill      XL: |  1  2  3 |
---------------+----------+-----
Earth Magic    | 4 |  4.9
Spellcasting   | 4 |  4.5
Dodging        | |  2.4
Stealth        | |  2.4
Conjurations   | |  0.6
Transmutations | |  1.1

Action                   |  1- 3 |  4- 6 || total
-------------------------+-------+-------++-------
 Cast: Sandblast         |    50 |    13 ||    63
  Use: Scroll            |     6 |       ||     6
Armor: Robe              |     6 |     1 ||     7
Dodge: Dodged            |    20 |     5 ||    25

Table legend: (Time is in decaauts)
 A = Elapsed time spent in this place.
 B = Non-inter-level travel time spent in this place.
 C = Inter-level travel time spent in this place.
 D = Time resting spent in this place.
 E = Time spent auto-exploring this place.
 F = Levels seen in this place.
 G = Mean time per level.
                   A        B        C        D        E       F      G
               +--------+--------+--------+--------+--------+-----+--------+
         Total |   2269 |   2209 |     60 |    852 |    846 |   3 |  756.3 |
       Dungeon |   2269 |   2209 |     60 |    852 |    846 |   3 |  756.3 |
               +--------+--------+--------+--------+--------+-----+--------+

Top non-repeatable levels by time:
     D:1: 1433 daAuts
     D:2: 822 daAuts
     D:3: 13 daAuts
